 Dungeon Crawl Stone Soup version 0.26.1-11-gd32895ea62 (webtiles) character file.

Game seed: 12198563407137489383

69 Zeld the Skirmisher (level 4, -4/31 HPs)
             Began as an Octopode Monk on May 11, 2021.
             Slain by a goblin
             ... wielding a +0 dagger
             ... led by Robin
              (6 damage)
             ... on level 2 of the Dungeon.
             The game lasted 00:02:29 (1686 turns).

Zeld the Skirmisher (Octopode Monk)                 Turns: 1686, Time: 00:02:30

Health: -4/31      AC:  1    Str: 11    XL:     4   Next: 20%
Magic:  5/5        EV: 14    Int: 12    God:
Gold:   109        SH:  4    Dex: 14    Spells: 5/5 levels left

rFire    . . .     SeeInvis .   a - +0 hand axe
rCold    . . .     Faith    .   i - +0 buckler
rNeg     . . .     Spirit   .   (helmet restricted)
rPois    .         Reflect  .   (no amulet)
rElec    .         Harm     .   (no ring)
rCorr    .         Rampage  .   (no ring)
Will     .....                  (no ring)
Stlth    +++.......             (no ring)
HPRegen  0.10/turn              (no ring)
MPRegen  0.09/turn              (no ring)
                                (no ring)
                                (no ring)

@: no status effects
A: almost no armour, stealthy swim, amphibious, 8 rings, constrict 8, camouflage
1, gelatinous body 1
a: no special abilities


You were on level 2 of the Dungeon.
You visited 1 branch of the dungeon, and saw 2 of its levels.

You collected 109 gold pieces.

Inventory:

Hand Weapons
 a - a +0 hand axe (weapon)
Armour
 i - a +0 buckler (worn)
Jewellery
 d - an uncursed ring of wizardry {unknown}
 l - an uncursed ring of see invisible {unknown}
Scrolls
 e - 2 scrolls of identify {unknown}
 f - 2 scrolls of teleportation {unknown}
 h - a scroll of magic mapping {unknown}
 j - a scroll of amnesia {unknown}
 k - a scroll of immolation {unknown}
Potions
 b - a potion of lignification {unknown}
 c - a potion of heal wounds {unknown}
 g - 4 potions of curing {unknown}


   Skills:
 - Level 3.4 Fighting
 - Level 3.4 Axes
 - Level 3.3 Dodging
 - Level 2.6 Stealth
 * Level 1.5 Shields
 * Level 1.3 Spellcasting


You had 5 spell levels left.
You didn't know any spells.
Your spell library was empty.

Dungeon Overview and Level Annotations

Branches:
Dungeon (2/15)

Altars:


Innate Abilities, Weirdness & Mutations

You cannot wear most types of armour.
You are very stealthy in the water. (Stealth+)
You are amphibious.
You can wear up to eight rings at the same time.
You can use your tentacles to constrict eight enemies at once.
Your skin changes colour to match your surroundings (Stealth+).
Your rubbery body absorbs attacks. (AC +1, EV +1)


Message History

The goblin hits you with a +0 dagger.
You are too injured to fight recklessly!
Unknown command.
You are too injured to fight recklessly!
You hit Robin but do no damage.
Robin is almost dead.
You closely miss the goblin. You constrict Robin, but do no damage.
The goblin hits you but does no damage.
Robin hits you with a +2 mace of protection.
* * * LOW HITPOINT WARNING * * *
The goblin hits you with a +0 dagger.
* * * LOW HITPOINT WARNING * * *
Press: ? - help, v - describe, . - travel, g - get item
Here: Robin, wielding a +2 mace of protection, wearing a +0 animal skin and wearing a +0 helmet (almost dead, constricted by you) Item here: a cursed -1 dagger.
The floor.
You hit Robin.
You kill Robin!
You hit the goblin. The goblin hits you with a +0 dagger.
You die...

## ### ### .### #.. ...
... #.# #.###g# # ##.##
#.#@# ###)..## ######g##
##.....###.....#######
..)...............(...
.#.....###..##.#######..#
.##...####..##.# #..#
............##.# #..##
............##.# #...####
.###.####...##.### ##...
...


You could see 2 goblins.

Vanquished Creatures
  Robin (D:2)
  An adder (D:2)
  2 worms (D:2)
  A dart slug (D:1)
  A leopard gecko (D:2)
  3 giant cockroaches
  11 goblins
  3 hobgoblins (D:1)
  3 jackals (D:2)
  7 kobolds
  2 ball pythons (D:2)
  5 bats
  4 frilled lizards
  6 rats
50 creatures vanquished.

Notes
Turn   | Place    | Note
-------+----------+-------------------------------------------
     0 | D:1      | Zeld the Octopode Monk began the quest for the Orb.
     0 | D:1      | Reached XP level 1. HP: 16/16 MP: 1/1
    82 | D:1      | Reached XP level 2. HP: 14/21 MP: 2/2
   514 | D:1      | Reached XP level 3. HP: 26/26 MP: 3/3
  1307 | D:2      | Reached skill level 1 in Shields
  1311 | D:2      | Reached skill level 1 in Spellcasting
  1554 | D:2      | Reached XP level 4. HP: 26/31 MP: 5/5
  1676 | D:2      | Noticed Robin
  1686 | D:2      | Killed Robin
  1686 | D:2      | Slain by a goblin

Illustrated notes

Levels and vault maps discovered:
D:1:      dpeg_arrival_solitude, layout_basic, chequers_serial_rivers_micro_e
D:2:      cheibrodos_helix_gallery, layout_loops_ring,
          gammafunk_temple_overflow_pools,
          chequers_temple_overflow_statue_of_worship, uniq_robin,
          uniq_crazy_yiuf_cottage

Skill      XL: |  1  2  3 |
---------------+----------+-----
Shields        | 1 |  1.5
Spellcasting   | 1 |  1.3
Fighting       | |  3.4
Axes           | |  3.4
Dodging        | |  3.3
Stealth        | |  2.6

Action                   |  1- 3 |  4- 6 || total
-------------------------+-------+-------++-------
Melee: Hand axe          |    69 |    19 ||    88
       Constrict         |    21 |     6 ||    27
       Tentacles         |    10 |     5 ||    15
 Stab: Sleeping          |    13 |       ||    13
       Distracted        |       |     1 ||     1
Armor: Skin              |     9 |       ||     9
Dodge: Dodged            |    41 |    11 ||    52
Block: Buckler           |     5 |     1 ||     6
